 Dungeon Crawl Stone Soup version 0.24-a0-778-g74da537585 (webtiles) character file.

Game seed: 11798230273000962605, levelgen mode: deterministic

1878 Erk the Skirmisher (level 8, -3/63 HPs)
             Began as a Demonspawn Gladiator on Oct 7, 2019.
             Was a Follower of Makhleb.
             Slain by a killer bee (4 damage)
             ... on level 7 of the Dungeon.
             The game lasted 00:30:06 (5195 turns).

Erk the Skirmisher (Demonspawn Gladiator)           Turns: 5195, Time: 00:30:07

Health: -3/63      AC: 16    Str: 15    XL:     8   Next: 91%
Magic:  8/8        EV: 13    Int: 11    God:    Makhleb [*.....]
Gold:   239        SH:  2    Dex: 15    Spells: 7/7 levels left

rFire    + + .     SeeInvis .   s - +1 short sword (venom)
rCold    + . .     Gourm    .   (no shield)
rNeg     . . .     Faith    .   k - +4 ring mail {rC+}
rPois    .         Spirit   .   H - +2 helmet
rElec    .         Reflect  +   (no cloak)
rCorr    .         Harm     .   (no gloves)
MR       .....                  (no boots)
Stlth    ++........             p - +2 amulet of reflection
HPRegen  0.20/turn              v - ring of protection from fire
MPRegen  0.11/turn              x - ring of protection from fire

@: lethally poisoned (-3 -> -5)
A: hooves 2, iridescent scales 2, powered by death 1
a: Renounce Religion


You were on level 7 of the Dungeon.
You worshipped Makhleb.
Makhleb was aware of your devotion.
You were not hungry.

You visited 1 branch of the dungeon, and saw 7 of its levels.

You collected 239 gold pieces.

Inventory:

Hand Weapons
 a - a +0 quarterstaff
 q - a +2 mace of draining
 s - a +1 short sword of venom (weapon)
 t - a +1 battleaxe of chopping
 u - a +1 dire flail of protection
Missiles
 d - 4 throwing nets
 w - 11 poisoned darts (quivered)
Armour
 b - a +0 leather armour
 c - a +0 helmet
 f - a +1 scale mail
 g - a +0 chain mail
 h - a +0 plate armour
 k - a +4 ring mail of cold resistance (worn)
 H - a +2 helmet (worn)
Jewellery
 o - an uncursed amulet of rage
 p - a +2 amulet of reflection (around neck)
 v - a ring of protection from fire (left hand)
 x - a ring of protection from fire (right hand)
 y - an uncursed ring of protection from fire
Wands
 j - a wand of acid (5)
 A - a wand of flame (10)
Scrolls
 l - a scroll of remove curse
 m - a scroll of blinking
Potions
 e - a potion of might {unknown}
 i - a potion of lignification {unknown}
 r - a potion of degeneration {unknown}
 z - a potion of haste {unknown}
 C - a potion of cancellation {unknown}
 F - a potion of agility {unknown}
 G - a potion of resistance {unknown}
Comestibles
 n - 12 rations


   Skills:
 + Level 5.5 Fighting
 + Level 4.0 Short Blades
 - Level 3.3 Staves
 - Level 5.0 Throwing
 + Level 5.4 Dodging
 + Level 4.9 Stealth


You had 7 spell levels left.
You didn't know any spells.
Your spell library was empty.

Dungeon Overview and Level Annotations

Branches:
Dungeon (7/15)             Temple (0/1) D:5

Altars:
Cheibriados
Kikubaaqudgha
Makhleb
Sif Muna


Innate Abilities, Weirdness & Mutations

You have hoof-like feet.
You are mostly covered in iridescent scales. (AC +4)
You regenerate a little health from kills.


Message History

You closely miss the leopard gecko. The killer bee barely misses you.
The leopard gecko barely misses you. The killer bee closely misses you.
You hit the leopard gecko. You kick the leopard gecko.
You kill the leopard gecko!
Makhleb accepts your kill.
Training target 5.0 for Throwing reached!
Your Throwing skill increases to level 5!
The killer bee barely misses you. The killer bee stings you.
* * * LOW HITPOINT WARNING * * *
You are poisoned.
The killer bee poisons you!
You feel sick. You block the killer bee's attack.
You feel sick. The killer bee barely misses you.
The killer bee closely misses you.
There is a stone staircase leading up here.
The killer bee stings you.
* * * LOW HITPOINT WARNING * * *
The killer bee closely misses you. The killer bee barely misses you.
The killer bee closely misses you. The killer bee stings you.
You die...

#< #. . ..
..# ..#
##########...
..#
#............
...
#............
#...
#...........#
#..
#...y@......#
#...yy......#
####y#####..#
#.# . #y# #.#
#.# ... ...


You could see 5 killer bees.

Vanquished Creatures
  A wyvern (D:6)
  Edmund (D:6)
  A water moccasin (D:5)
  An orc warrior (D:6)
  3 ogres
  A necrophage (D:4)
  A scorpion (D:7)
  A killer bee (D:7)
  3 howler monkeys
  2 crimson imps
  A centaur zombie (D:5)
  2 hounds (D:4)
  A gnoll shaman (D:4)
  2 orc priests
  A centaur skeleton (D:4)
  4 orc wizards
  Natasha (thrice) (D:2)
  4 worker ants
  A hound zombie (D:6)
  11 adders
  3 gnolls (D:4)
  3 oozes
  An adder zombie (D:2)
  4 worms
  5 dart slugs
  4 leopard geckos
  20 orcs
  6 ball pythons
  3 giant cockroaches
  6 goblins
  9 hobgoblins
  2 jackals (D:5)
  A quokka (D:5)
  8 bats
  4 frilled lizards
  10 kobolds
  A leopard gecko skeleton (D:4)
  A quokka zombie (D:5)
  9 rats
145 creatures vanquished.

Notes
Turn   | Place    | Note
-------+----------+-------------------------------------------
     0 | D:1      | Erk the Demonspawn Gladiator began the quest for the Orb.
     0 | D:1      | Reached XP level 1. HP: 16/16 MP: 1/1
   127 | D:1      | Gained mutation: You have large cloven feet. [demonic
                  | ancestry]
   127 | D:1      | Reached XP level 2. HP: 21/22 MP: 2/2
   242 | D:2      | Reached skill level 1 in Stealth
   319 | D:1      | Gained mutation: You are partially covered in iridescent
                  | scales. (AC +2) [demonic ancestry]
   319 | D:1      | Reached XP level 3. HP: 28/28 MP: 3/3
   869 | D:2      | Found an ancient bone altar of Kikubaaqudgha.
   912 | D:2      | Noticed Natasha
   918 | D:2      | Killed Natasha
   918 | D:2      | Gained mutation: You have hoof-like feet. [demonic
                  | ancestry]
   918 | D:2      | Reached XP level 4. HP: 29/34 MP: 4/4
  1196 | D:2      | Noticed Natasha
  1201 | D:2      | Killed Natasha
  1420 | D:2      | Noticed Natasha
  1428 | D:2      | Killed Natasha
  1537 | D:2      | Gained mutation: You are mostly covered in iridescent
                  | scales. (AC +4) [demonic ancestry]
  1537 | D:2      | Reached XP level 5. HP: 40/40 MP: 5/5
  2491 | D:3      | Gained mutation: You regenerate a little health from kills.
                  | [demonic ancestry]
  2491 | D:3      | Reached XP level 6. HP: 47/47 MP: 6/6
  2557 | D:4      | Reached skill level 1 in Short Blades
  3193 | D:5      | Entered Level 5 of the Dungeon
  3248 | D:4      | Reached XP level 7. HP: 28/53 MP: 7/7
  3341 | D:4      | Found a burning altar of Makhleb.
  3354 | D:4      | Became a worshipper of Makhleb the Destroyer
  4019 | D:5      | Found a staircase to the Ecumenical Temple.
  4206 | D:5      | Reached XP level 8. HP: 33/61 MP: 8/8
  4429 | D:5      | Found a snail-covered altar of Cheibriados.
  4429 | D:5      | Found a shimmering blue altar of Sif Muna.
  4573 | D:7      | Reached * piety under Makhleb
  4946 | D:6      | Reached skill level 5 in Fighting
  4946 | D:6      | Reached skill level 5 in Dodging
  5096 | D:6      | Noticed Edmund
  5119 | D:6      | Killed Edmund
  5191 | D:7      | Reached skill level 5 in Throwing
  5195 | D:7      | HP: 1/63 [killer bee (6)]
  5195 | D:7      | Slain by a killer bee

Levels and vault maps discovered:
D:1:      psy_arrival_fountain, layout_loops_ring
D:2:      minmay_chambers_of_twos, layout_loops_corners, lemuel_crystal_altar,
          uniq_natasha
D:3:      layout_basic, minmay_snake_closets
D:4:      layout_loops_ring, makhleb_blood_cavern_becter
D:5:      layout_basic, gammafunk_temple_overflow_elements,
          minmay_temple_entry_stoned_glass, first_ration
D:6:      layout_basic, kennysheep_okawaru_gauntlet,
          nemelex_diamond_rough_becter, uniq_edmund
D:7:      layout_rooms, nicolae_overflow_hidden_temple

Skill      XL: |  1  2  3  4  5  6  7  8 |
---------------+-------------------------+-----
Throwing       | 2 3 4 5 |  5.0
Dodging        | 3 4 5 |  5.4
Stealth        | 1 2 3 4 |  4.9
Staves         | 3 |  3.3
Fighting       | 3 4 5 |  5.5
Short Blades   | 1 2 4 |  4.0

Action                   |  1- 3 |  4- 6 |  7- 9 || total
-------------------------+-------+-------+-------++-------
Melee: Quarterstaff      |    70 |    51 |       ||   121
       Kick              |    10 |    58 |    83 ||   151
       Short sword       |       |   162 |   233 ||   395
  Use: Scroll            |     1 |       |     8 ||     9
       Potion            |       |       |     2 ||     2
 Stab: Sleeping          |     1 |     4 |     3 ||     8
       Distracted        |       |     1 |       ||     1
  Eat: Chunk             |       |     7 |     7 ||    14
Armor: Leather armour    |    10 |    30 |       ||    40
       Ring mail         |       |    49 |    83 ||   132
Dodge: Dodged            |    53 |   144 |   113 ||   310
Block: Other             |       |       |     4 ||     4

Table legend:
 A = Non-vault XP
 B = Vault XP
 C = Vault XP percentage of total XP
 D = Non-vault monster count
 E = Vault monster count
 F = Vault count percentage of total count
                 A         B        C        D         E       F
            +---------+---------+-------+---------+---------+-------
      Total |    2296 |     387 |  14.4 |     124 |      21 |  14.5
            +---------+---------+-------+---------+---------+-------
        D:1 |      42 |       0 |   0.0 |      21 |       0 |   0.0
        D:2 |     116 |      65 |  35.9 |      14 |       9 |  39.1
        D:3 |      66 |     108 |  62.1 |      31 |      10 |  24.4
        D:4 |     560 |      43 |   7.1 |      15 |       1 |   6.2
        D:5 |     648 |       0 |   0.0 |      22 |       0 |   0.0
        D:6 |     643 |     171 |  21.0 |      14 |       1 |   6.7
        D:7 |     221 |       0 |   0.0 |       7 |       0 |   0.0
            +---------+---------+-------+---------+---------+-------
